Map: Daybreak LE

Players

Zanarcane - Winner!

  • Race: Terran Terran
  • League: Silver
  • Spawn Location: 1:00

A.I. 1 (Very Easy)

  • Race: Zerg Zerg
  • Spawn Location: 7:00

VOD

Have the link to the VOD?

Description

Time

  • Played on: March 31, 2019, 4:19 p.m.
  • Length: 9:19
Show
View Real Time Build Order
Export as new Build Order

Zanarcane Terran - Winner!

Build Orders: Hellion Banshee 

Get SALT Encoding   

  12  0:00  SCV  
  13  0:13  SCV  
  14  0:18  Supply Depot  
  14  0:25  SCV  
  15  0:30  Refinery  
  15  0:42  Barracks  
  15  0:46  SCV  
  16  0:58  SCV  
  17  1:10  SCV  
  18  1:22  SCV  
  19  1:30  Reaper  
  20  1:33  Supply Depot  
  20  1:36  Orbital Command  
  20  2:05  SCV  
  21  2:13  Factory  
  21  2:16  Barracks Reactor  
  21  2:17  SCV  
  21  2:20  Command Center  
  22  2:29  SCV  
  23  2:41  SCV  
  24  2:54  Supply Depot  
  24  3:00  Starport  
  24  3:04  SCV  
  25  3:05  Barracks Tech Lab  
  25  3:13  Hellion  
  25  3:14  Hellion  
  25  3:16  SCV  
  30  3:21  Refinery  
  29  3:38  Orbital Command  
  29  3:40  SCV  
  30  3:42  Marine, Hellion x2  
  30  3:43  Starport Tech Lab  
  35  3:52  Refinery  
  35  3:53  SCV  
  36  4:01  Marine  
  37  4:05  SCV x2  
  39  4:13  Hellion x2, Banshee  
  39  4:15  Cloaking Field  
  46  4:17  SCV x2  
  48  4:32  SCV x2  
  48  4:35  Supply Depot  
  48  4:37  Marine  
  51  4:46  SCV  
  51  4:47  SCV  
  51  4:48  Factory Tech Lab  
  51  4:52  Barracks  
  53  4:57  Supply Depot  
  53  5:00  SCV x2  
  53  5:01  Marine  
  53  5:02  Banshee  
  59  5:08  Siege Tank  
  62  5:19  SCV x2, Supply Depot  
  64  5:22  Supply Depot  
  64  5:24  Marine  
  65  5:36  SCV x2  
  67  5:42  Engineering Bay  
  67  5:44  Engineering Bay  
  67  5:45  Stimpack  
  67  5:52  SCV x2  
  67  5:54  Marine x2  
  67  5:55  Marauder  
  67  5:56  Siege Tank  
  76  5:58  Banshee  
  76  6:03  Supply Depot  
  79  6:05  SCV x2  
  79  6:07  Supply Depot  
  81  6:15  Marine x2  
  81  6:17  Terran Infantry Weapons Level 1  
  81  6:18  Terran Infantry Armor Level 1  
  83  6:19  SCV x2  
  83  6:25  Marauder  
  86  6:35  SCV x2  
  86  6:37  Marine x2  
  90  6:40  Siege Tank  
  93  6:48  Refinery  
  93  6:52  SCV x2  
  95  7:06  Marine x2, SCV x2  
  95  7:07  Marauder  
  97  7:09  Banshee  
  96  7:18  Command Center  
  96  7:46  SCV x2  
  96  7:47  Marine x2  
  96  7:48  Marauder  
  100  8:08  SCV  
  100  8:09  SCV  
  100  8:10  Armory  
  100  8:12  Armory  
  102  8:26  Supply Depot  
  102  8:27  Supply Depot  
  102  8:28  Supply Depot  
  102  8:30  Siege Tank, SCV x2  
  107  8:58  SCV x2  
  107  8:59  Refinery  
  109  9:04  Barracks  
Show
View Real Time Build Order
Export as new Build Order

A.I. 1 (Very Easy) Zerg 

Build Orders: Hatch First 

Get SALT Encoding   

  12  0:01  Drone  
  13  0:12  Overlord  
  13  0:17  Drone  
  14  0:43  Hatchery  
  14  0:45  Drone  
  14  1:04  Spawning Pool  
  14  1:06  Extractor  
  14  1:08  Drone  
  13  1:15  Drone  
  14  1:21  Overlord  
  14  1:51  Zergling x2  
  14  1:53  Zergling x2, Queen  
  18  1:59  Roach Warren  
  17  2:04  Drone  
  18  2:10  Extractor  
  18  2:14  Drone  
  18  2:19  Zergling x2  
  19  2:25  Drone  
  20  2:32  Drone  
  21  2:39  Drone  
  22  2:46  Drone  
  23  2:54  Drone  
  24  3:01  Drone  
  25  3:08  Roach  
  25  3:09  Drone  
  28  3:16  Overlord  
  28  3:19  Drone  
  29  3:26  Drone  
  30  3:33  Drone  
  31  3:40  Drone  
  32  3:48  Drone  
  32  3:51  Overlord  
  32  3:55  Drone  
  33  3:57  Roach  
  33  4:00  Lair  
  33  4:02  Drone  
  36  4:11  Drone  
  37  4:18  Drone  
  38  4:25  Drone  
  39  4:32  Drone  
  40  4:39  Drone  
  40  4:41  Overlord  
  43  4:45  Roach  
  43  4:46  Drone  
  44  4:54  Drone  
  44  4:58  Overseer  
  45  5:01  Overseer, Drone  
  46  5:09  Extractor, Drone  
  46  5:15  Extractor  
  46  5:16  Drone  
  46  5:23  Drone  
  47  5:30  Drone  
  47  5:34  Roach  
  50  5:37  Drone  
  51  5:44  Drone  
  51  6:47  Zergling x2  
  51  6:53  Overlord  
  51  6:57  Drone  
  51  6:59  Queen  
  49  7:05  Extractor, Drone  
  38  7:13  Drone  
  28  7:16  Zergling x2  
  28  7:20  Drone  
  27  7:27  Extractor, Drone  
  19  7:35  Drone  
  10  7:39  Queen  
  10  7:42  Drone  
  9  7:45  Roach  
  9  7:49  Drone  
  6  7:56  Drone  
  6  8:03  Drone  
  6  8:10  Drone  
  4  8:13  Roach  
  4  8:18  Drone  
  7  8:25  Drone  
Tags
 
Composition
Hellion Banshee
League
Silver
Matchup
TvZ
Spawn Locations
Cross Positions
Add a new tag
Caveats
  • Supply blocks, unpowered buildings, or Contaminate may cause inaccurate times.
  • Supply counts are checked every 10 seconds.